 Dungeon Crawl Stone Soup version 0.18.1-8-gdd0e5ea (webtiles) character file.

1171 Quirk the Cudgeler (level 8, 0/79 HPs)
             Began as a Troll Fighter on May 26, 2016.
             Slain by a hound (2 damage)
             ... on level 6 of the Dungeon.
             The game lasted 00:07:56 (4034 turns).

Quirk the Cudgeler (Troll Fighter)                  Turns: 4034, Time: 00:07:57

Health: 0/79       AC:  5    Str: 32    XL:     8   Next: 18%
Magic:  6/7        EV:  9    Int:  6    God:
Gold:   239        SH: 10    Dex:  9    Spells: 0 memorised, 7 levels left

rFire  . . .     SeeInvis .     a - +0 flail
rCold  + . .     Gourm    +     y - +0 robe {rC+}
rNeg   . . .     Faith    .     c - +0 shield
rPois  +         Spirit   .     (helmet restricted)
rElec  .         Dismiss  .     (no cloak)
rCorr  .         Reflect  .     (gloves unavailable)
SustAt .         Harm     .     (boots unavailable)
MR     .....                    (no amulet)
Stlth  +.........               v - ring of poison resistance
                                r - +2 ring of intelligence

@: mighty, very slightly contaminated, hasted, very quick, not resistant to
hostile enchantments, very unstealthy
A: unfitting armour, claws 3, fast metabolism 3, gourmand, regeneration 2,
shaggy fur 1, tough skin 2
a: no special abilities


You were on level 6 of the Dungeon.
You were very full.

You visited 1 branch of the dungeon, and saw 5 of its levels.

You collected 239 gold pieces.

Inventory:

Hand Weapons
 a - a +0 flail (weapon)
Armour
 b - a +0 robe
 c - a +0 shield (worn)
 y - a +0 robe of cold resistance (worn)
Jewellery
 j - an uncursed amulet of faith
 r - a +2 ring of intelligence (left claw)
 v - a ring of poison resistance (right claw)
 w - a cursed amulet of inaccuracy {unknown}
Wands
 u - a wand of digging (8/24)
 z - a wand of slowing (41/48)
Scrolls
 e - 3 scrolls of recharging {unknown}
 g - a scroll of fog {unknown}
 i - 2 scrolls of enchant weapon {unknown}
 k - a scroll of magic mapping {unknown}
 m - 2 scrolls of noise {unknown}
 n - a scroll of blinking {unknown}
 p - a scroll of immolation {unknown}
 t - a scroll of remove curse {unknown}
 x - 3 scrolls of identify {unknown}
Potions
 l - a potion of magic
 C - a potion of haste
Comestibles
 f - 4 bread rations
 s - a meat ration
 A - 2 chunks of flesh
 B - a royal jelly


   Skills:
 * Level 4.6 Fighting
 * Level 4.7 Maces & Flails
 + Level 2.6 Armour
 * Level 4.7 Dodging
 + Level 3.7 Shields


You had 7 spell levels left.
You didn't know any spells.

Dungeon Overview and Level Annotations

Branches:
Dungeon (6/15)
 Temple: D:4-7

Altars:
Ashenzari
Elyvilon
Qazlal
Sif Muna

Annotations:
D:6 Grinder


Innate Abilities, Weirdness & Mutations

You are too large for most types of armour.
You have claws for hands.
Your metabolism is lightning-fast.
You like to eat raw meat.
You heal very quickly.
You are covered in fur (AC +1).
You have very tough skin (AC +2).


Message History

Drink which item? (? for menu, Esc to quit)
You feel very mighty all of a sudden. The hound barely misses you.
You barely miss Grinder.
Grinder is severely wounded.
The hound barely misses you. You block Grinder's attack.
You closely miss Grinder.
Grinder is severely wounded.
The hound barely misses you. You block Grinder's attack.
Your shield prevents you from hitting Grinder.
Grinder is severely wounded.
The hound bites you.
* * * LOW HITPOINT WARNING * * *
Grinder barely misses you.
You miss the hound.
The hound is moderately wounded.
The hound bites you.
* * * LOW HITPOINT WARNING * * *
The hound bites you.
You die...

...#.......+ #..........#
####.......# #..........#
...........# #..........#
...........# #...##.....#
...........######...########
...........#.........#.....#
...........#.........#.....#
'###.......#.........#.....#
...+.......#....@h...#.....#
...#.......######5...#.....#
...#######.. #....#.....#
...# #....#.....# #####
#....'..†..# ....#
#....#.....# ...##
#....#.....# ....#
#...##.....# ....#
#....##.....#


You could see Grinder and a hound.

Vanquished Creatures
  Menkaure (D:6)
  A sky beast (D:5)
  An ice beast (D:5)
  A centaur (D:5)
  A crocodile (D:5)
  Blork the orc (D:5)
  A giant frog (D:5)
  A scorpion (D:5)
  2 howler monkeys
  A centaur zombie (D:5)
  A giant frog zombie (D:5)
  2 hounds
  Crazy Yiuf (D:5)
  6 worker ants
  A hound zombie (D:6)
  6 adders
  A shadow imp (D:6)
  An ooze (D:6)
  An adder zombie (D:6)
  4 worms
  3 giant geckos
  5 orcs
  A ball python (D:2)
  6 bats
  A giant cockroach (D:1)
  7 goblins
  3 hobgoblins
  4 jackals (D:1)
  7 kobolds
  4 quokkas
  A giant gecko skeleton (D:5)
  3 giant newts
  A quokka skeleton (D:5)
  8 rats
89 creatures vanquished.

Notes
Turn   | Place    | Note
--------------------------------------------------------------
     0 | D:1      | Quirk the Troll Fighter began the quest for the Orb.
     0 | D:1      | Reached XP level 1. HP: 22/22 MP: 0/0
    18 | D:1      | Found a shattered altar of Ashenzari.
    59 | D:1      | Reached XP level 2. HP: 24/29 MP: 1/1
   734 | D:1      | Reached XP level 3. HP: 33/36 MP: 2/2
   974 | D:2      | Found a white marble altar of Elyvilon.
   974 | D:2      | Found a stormy altar of Qazlal.
  1234 | D:2      | Reached XP level 4. HP: 25/44 MP: 3/3
  2011 | D:3      | Reached skill level 1 in Armour
  2098 | D:3      | You fall through a shaft for 2 floors!
  2098 | D:5      | Entered Level 5 of the Dungeon
  2105 | D:5      | Noticed Crazy Yiuf
  2109 | D:5      | Paralysed by Crazy Yiuf for 4 turns
  2115 | D:5      | Killed Crazy Yiuf
  2115 | D:5      | Reached XP level 5. HP: 22/53 MP: 4/4
  2263 | D:5      | Noticed an ice beast
  2275 | D:5      | Killed an ice beast
  2275 | D:5      | Reached XP level 6. HP: 42/61 MP: 5/5
  2290 | D:5      | Noticed Blork the orc
  2298 | D:5      | Killed Blork the orc
  2387 | D:5      | Noticed a sky beast
  2421 | D:5      | Killed a sky beast
  2421 | D:5      | Reached XP level 7. HP: 7/68 MP: 6/6
  3244 | D:5      | Found a deep blue altar of Sif Muna.
  3244 | D:5      | Found a shattered altar of Ashenzari.
  3745 | D:6      | Noticed Menkaure
  3751 | D:6      | Killed Menkaure
  3751 | D:6      | Reached XP level 8. HP: 53/79 MP: 7/7
  3978 | D:6      | Noticed Grinder
  3992 | D:6      | Paralysed by Grinder for 5 turns
  4014 | D:6      | Paralysed by Grinder for 6 turns
  4024 | D:6      | Gained mutation: Your magical capacity is low (-10% MP). [potion of mutation]
  4024 | D:6      | Gained mutation: You possess an exceptional clarity of mind. [potion of mutation]
  4026 | D:6      | Lost mutation: You possess an exceptional clarity of mind. [potion of cure mutation]
  4026 | D:6      | Lost mutation: Your magical capacity is low (-10% MP). [potion of cure mutation]
  4027 | D:6      | HP: 2/79 [hound (3)]
  4033 | D:6      | HP: 3/79 [hound (1)]
  4034 | D:6      | Slain by a hound

Skill      XL: |  1  2  3  4  5  6  7 |
---------------+----------------------+-----
Maces & Flails | 2 3 4 |  4.7
Dodging        | 3 4 |  4.7
Fighting       | 3 4 |  4.6
Armour         | 1 2 |  2.6
Shields        | 3 |  3.7

Action                   |  1- 3 |  4- 6 |  7- 9 || total
-------------------------+-------+-------+-------++-------
Melee: Flail             |   171 |   149 |   160 ||   480
  Use: Potion            |       |       |     6 ||     6
 Stab: Sleeping          |     1 |       |       ||     1
       Invisible         |       |     1 |       ||     1
  Eat: Chunk             |    11 |    13 |    15 ||    39
       Meat ration       |     1 |       |       ||     1
Armor: Robe              |    75 |    53 |    43 ||   171
Dodge: Dodged            |    67 |    50 |    89 ||   206
Block: Shield            |    97 |    83 |    82 ||   262
